 Dungeon Crawl Stone Soup version 0.19.5 (webtiles) character file.

478 epen the Insei (level 6, -1/50 HPs)
             Began as a Draconian Transmuter on July 29, 2017.
             Slain by Sigmund
             ... wielding a +7 scythe of flaming
              (5 damage)
             ... on level 5 of the Dungeon.
             The game lasted 00:06:55 (3986 turns).

epen the Insei (Draconian Transmuter)               Turns: 3986, Time: 00:06:56

Health: -1/50      AC:  2    Str: 17    XL:     6   Next: 85%
Magic:  9/11       EV: 27    Int: 15    God:
Gold:   175        SH:  0    Dex: 22    Spells: 3 memorised, 2 levels left

rFire  . . .     SeeInvis .       - Unarmed
rCold  . . .     Gourm    .     (armour unavailable)
rNeg   . . .     Faith    .     (shield currently unavailable)
rPois  x         Spirit   .     (helmet currently unavailable)
rElec  .         Reflect  .     (cloak currently unavailable)
rCorr  .         Harm     .     (gloves currently unavailable)
MR     .....                    (boots currently unavailable)
Stlth  +++.......               (no amulet)
                                (no ring)
                                i - +5 ring of strength

@: agile, about to teleport, spider-form (expiring)
A: unfitting armour, (cold-blooded), AC +6
a: End Transformation


You were on level 5 of the Dungeon.
You were near starving.
You were a venomous arachnid creature.
You visited 2 branches of the dungeon, and saw 6 of its levels.

You collected 175 gold pieces.

Inventory:

Missiles
 a - 44 arrows
Jewellery
 i - a +5 ring of strength (left front leg)
Scrolls
 d - 2 scrolls of enchant weapon
 l - 2 scrolls of remove curse
Potions
 e - a potion of beneficial mutation {unknown}
 f - 2 potions of might
 g - a potion of invisibility
 h - 3 potions of agility
 k - a potion of resistance {unknown}
 m - a potion of flight {unknown}
 n - a potion of berserk rage {unknown}
 o - a potion of cure mutation {unknown}
 p - a potion of mutation {unknown}
 q - a potion of ambrosia
 s - a potion of brilliance {unknown}
Books
 b - a book of Changes

   Spells                             Type                      Level
   a - Beastly Appendage              Transmutation                1
   b - Sticks to Snakes               Transmutation                2
   c - Spider Form                    Transmutation/Poison         3
   d - Ice Form                       Ice/Transmutation            4
   e - Blade Hands                    Transmutation                5
Comestibles
 c - 3 bread rations


   Skills:
 + Level 2.9 Fighting
 + Level 3.1 Dodging
 * Level 5.1 Unarmed Combat
 + Level 3.6 Spellcasting
 + Level 3.2 Transmutations


You had 2 spell levels left.
You knew the following spells:

 Your Spells              Type           Power        Failure   Level  Hunger
a - Blade Hands           Tmut           ##........   99%         5    ######.
b - Sticks to Snakes      Tmut           ##......     24%         2    ##.....
c - Spider Form           Tmut/Pois      #.........   52%         3    ###....


Dungeon Overview and Level Annotations

Branches:
Dungeon (5/15)             Temple (1/1) D:4

Altars:
Ashenzari
Cheibriados
Dithmenos
Elyvilon
Fedhas
Hepliaklqana
Kikubaaqudgha
Makhleb
Nemelex Xobeh
Okawaru
Qazlal
Ru
Sif Muna
Trog
Uskayaw
Vehumet
Xom
Yredelemnul
The Shining One

Annotations:
D:4 epen's ghost, amateur DrMo
D:5 Sigmund


Innate Abilities, Weirdness & Mutations

((Your plain brown scales are hard. (AC +6)))
You cannot fit into any form of body armour.
((You are cold-blooded and may be slowed by cold attacks.))


Message History

Sigmund hits you from afar with a scythe of flaming!
Sigmund burns you. Sigmund closely misses you.
Your transformation is almost over.
Sigmund hits you from afar with a scythe of flaming!
* * * LOW HITPOINT WARNING * * *
Sigmund burns you.
* * * LOW HITPOINT WARNING * * *
Sigmund laughs darkly.
Sigmund barely misses you.
You feel agile all of a sudden.
The crimson imp blinks!
Sigmund completely misses you.
You feel better.
Sigmund points at you and mumbles some strange words.
The magic dart hits you!
* * * LOW HITPOINT WARNING * * *
As you read the scroll of teleportation, it crumbles to dust.
You feel strangely unstable.
Sigmund hits you from afar with a scythe of flaming.
You die...

....... $....##
....... ......
....... #....
....... #..#
.......####%.#
...$....5..ยง.#
#.##########@#
#.# #s# ##.######
#.......#
######..####.####
........#........
######.......#
#..#.##.#
#.......#
##.#.##.#


You could see Sigmund.

Vanquished Creatures
  2 ogres (D:4)
  A hound (D:3)
  An orc priest (D:4)
  A centaur skeleton (D:4)
  A gnoll shaman (D:4)
  A worker ant (D:4)
  3 gnolls
  4 adders
  An adder skeleton (D:3)
  2 worms (D:2)
  A dart slug (D:3)
  3 leopard geckos
  15 orcs
  3 ball pythons
  2 bats (D:3)
  5 giant cockroaches
  6 goblins
  3 hobgoblins
  6 jackals
  7 kobolds
  A quokka (D:4)
  2 frilled lizards (D:4)
  A leopard gecko skeleton (D:4)
  A quokka skeleton (D:4)
  4 rats
77 creatures vanquished.

Vanquished Creatures (collateral kills)
  An adder (D:2)
  An orc (D:3)
  A rat (D:2)
3 creatures vanquished.

Vanquished Creatures (others)
  An iguana (D:4)
  A ball python (D:4)
  A leopard gecko skeleton (D:4)
3 creatures vanquished.

Grand Total: 83 creatures vanquished

Notes
Turn   | Place    | Note
-------+----------+-------------------------------------------
     0 | D:1      | epen the Draconian Transmuter began the quest for the Orb.
     0 | D:1      | Reached XP level 1. HP: 16/16 MP: 3/3
   282 | D:1      | Reached XP level 2. HP: 23/23 MP: 5/5
   502 | D:2      | Learned a level 2 spell: Sticks to Snakes
   869 | D:2      | Reached XP level 3. HP: 16/28 MP: 1/6
  1392 | D:2      | Noticed a water elemental
  1393 | D:2      | Found a stormy altar of Qazlal.
  1396 | D:2      | Noticed a fire elemental
  1396 | D:2      | Noticed an air elemental
  1396 | D:2      | Noticed an earth elemental
  1543 | D:3      | Reached XP level 4. HP: 35/35 MP: 7/7
  1639 | D:3      | Found a hide-covered altar of Uskayaw.
  1651 | D:3      | Learned a level 3 spell: Spider Form
  1718 | D:3      | Reached skill level 4 in Unarmed Combat
  2274 | D:4      | Found a burning altar of Makhleb.
  2274 | D:4      | Found a snail-covered altar of Cheibriados.
  2276 | D:4      | Noticed epen's ghost (amateur DrMo)
  2288 | D:4      | Reached XP level 5. HP: 36/41 MP: 9/9
  2493 | D:4      | Noticed an ogre
  2499 | D:4      | Killed an ogre
  2527 | D:4      | Found a shattered altar of Ashenzari.
  2557 | D:4      | Noticed an ogre
  2563 | D:4      | Killed an ogre
  2563 | D:4      | Reached XP level 6. HP: 33/50 MP: 6/10
  2675 | D:4      | Learned a level 5 spell: Blade Hands
  2880 | D:4      | Reached skill level 5 in Unarmed Combat
  3453 | D:4      | Found a staircase to the Ecumenical Temple.
  3462 | Temple   | Entered the Ecumenical Temple
  3957 | D:5      | Entered Level 5 of the Dungeon
  3970 | D:5      | Noticed Sigmund
  3981 | D:5      | HP: 1/50 [Sigmund/scythe of flaming (5)]
  3986 | D:5      | Slain by Sigmund

Skill      XL: |  1  2  3  4  5  6 |
---------------+-------------------+-----
Dodging        | 2 3 |  3.1
Unarmed Combat | 4 5 |  5.1
Fighting       | 2 |  2.9
Spellcasting   | 3 |  3.6
Transmutations | 3 |  3.2

Action                   |  1- 3 |  4- 6 || total
-------------------------+-------+-------++-------
Melee: Unarmed           |   137 |   192 ||   329
       Tailslap          |    13 |    20 ||    33
       Punch             |     2 |     4 ||     6
 Cast: Sticks to Snakes  |     3 |     1 ||     4
       Spider Form       |       |     9 ||     9
  Use: Scroll            |       |    15 ||    15
       Potion            |       |     2 ||     2
 Stab: Sleeping          |       |     1 ||     1
  Eat: Chunk             |     1 |     9 ||    10
Armor: Skin              |    32 |    41 ||    73
Dodge: Dodged            |    94 |   137 ||   231
